AoeStats
← AnomalousTR

Black Forest

504773118Analyzed
2v2 RM · 27d ago on Sep 6, 2026· 55m 42s· 4 players
Game mode
Random Map
Map size
Medium (4 player)
Population
200
Speed
Normal
Resources
Standard
Victory
Conquest
Starting age
Dark Age
Ending age
Imperial Age
RankedLock teamsTeams togetherTeam positionsShared explorationLock speedFull tech treeHidden civsTurbo modeCheats
Victory
Defeat
🇪🇨 Franks · Ecuador
581
+12
🇹🇷 Goths · Türkiye
558
+13
🇬🇧 Burgundians · United Kingdom
495
-13
🇬🇧 Spanish · United Kingdom
488
-12
AnomalousTR
0:35 Loom
12:29 Feudal Age
14:47 Horse Collar
15:50 Stone Mining
24:01 Castle Age
22:50 Double-Bit Axe
25:06 Heavy Plow
25:50 Bow Saw
36:29 Imperial Age
35:42 Forging
35:32 Scale Mail Armor
35:32 Gold Mining
36:30 Elite Huskarl
38:41 Chemistry
38:40 Iron Casting
38:21 Chain Mail Armor
38:58 Stone Shaft Mining
39:07 Conscription
40:27 Blast Furnace
39:23 Pikeman
40:19 Anarchy
40:38 Squires
41:47 Two-Man Saw
40:27 Halberdier
42:48 Crop Rotation
45:19 Perfusion
47:26 Man-at-Arms
48:07 Long Swordsman
49:45 Two-Handed Swordsman
51:18 Champion
fabian.naula
12:03 Feudal Age
20:04 Castle Age
25:04 Double-Bit Axe
27:01 Fletching
28:01 Bodkin Arrow
29:32 Gold Mining
30:32 Wheelbarrow
30:08 Scale Barding Armor
35:00 Imperial Age
35:00 #83
35:35 Gold Shaft Mining
34:50 Stone Mining
35:50 Cavalier
35:56 Elite Throwing Axeman
37:55 Chemistry
37:02 Onager
38:46 Bow Saw
40:56 Paladin
48:54 Husbandry
49:55 Chivalry
53:48 Forging
53:58 Chain Barding Armor
Benja_Gilbz
9:28 Feudal Age
9:53 Double-Bit Axe
19:23 Castle Age
17:20 Horse Collar
18:20 Gold Mining
21:43 Bow Saw
23:33 Stone Mining
25:27 Forging
25:23 Scale Barding Armor
32:24 Imperial Age
34:32 Chemistry
34:06 Cavalier
34:59 Bloodlines
35:29 Iron Casting
35:17 Chain Barding Armor
39:22 Blast Furnace
38:58 Plate Barding Armor
43:55 Paladin
JxSimmo
10:41 Feudal Age
13:19 Double-Bit Axe
13:08 Man-at-Arms
15:00 Horse Collar
15:58 Arson
22:26 Castle Age
22:33 Stone Mining
24:21 Heavy Plow
24:37 Bow Saw
35:24 Imperial Age
35:42 Ballistics
40:37 Cavalier
41:19 Husbandry
43:12 Chemistry
42:23 Paladin
43:59 Forging
43:55 Scale Barding Armor
43:50 Scale Mail Armor
44:16 Conscription
45:33 Crop Rotation
Connection lost

Rejoining the realm…

Still unreachable

The connection could not be restored.

Session expired

The server has moved on; the page needs a fresh start.